[Event "Late-Titled-Tuesday-Blitz-March-05-2024"]
[Site "Chess.com"]
[Date "2024.03.05"]
[Round "2"]
[White "miraitrunks"]
[Black "Cambek64"]
[Result "0-1"]
[WhiteElo "2167"]
[BlackElo "2467"]
[TimeControl "180+1"]
[EndTime "14:18:20 PST"]
[Termination "Cambek64 won on time"]

1. e4 e6 2. Nc3 d5 3. Nf3 Nf6 4. e5 Nfd7 5. d4 c5 6. dxc5 Nc6 7. Bf4 Nxc5 8. Bb5 Bd7 9. O-O Be7 10. Qe2 a6 11. Bxc6 bxc6 12. h4 O-O 13. h5 h6 14. Rad1 Re8 15. Nd4 Qc7 16. Qg4 Kh8 17. Rfe1 Nb7 18. Rd3 c5 19. Nde2 Rg8 20. Rg3 Na5 21.
Rf3 Nc6 22. Ng3 Nd4 23. Rd3 Bb5 24. Rd2 Bc6 25. Nce2 Nxe2+ 26. Rexe2 a5 27. b3 a4 28. Re3 axb3 29. cxb3 d4 30. Ree2 Ra3 31. Ne4 Bxe4 32. Rxe4 Qb7 33. Qf3 Bd8 34. Bh2 Ba5 35. Rc2 Bb4 36. Qg4 d3 37. Rc1 d2 38. Rd1 Rxa2 39.
Rf4 Rc2 40. Rf3 Rc1 41. Rg3 Rxd1+ 42. Qxd1 Qe4 43. Re3 Qd4 0-1

[Event "Late-Titled-Tuesday-Blitz-March-05-2024"]
[Site "Chess.com"]
[Date "2024.03.05"]
[Round "2"]
[White "Beca95"]
[Black "BabageldiAnnaberdiyev"]
[Result "1-0"]
[WhiteElo "2981"]
[BlackElo "2628"]
[TimeControl "180+1"]
[EndTime "14:18:22 PST"]
[Termination "Beca95 won by resignation"]

1. e4 e6 2. d3 d5 3. Nd2 Nf6 4. e5 Nfd7 5. f4 c5 6. Ndf3 Nc6 7. g3 Be7 8. Bg2 b5 9. Nh3 h6 10. O-O Qb6 11. c3 a5 12. Be3 Bb7 13. d4 c4 14. f5 O-O-O 15. Nf4 Nf8 16. fxe6 fxe6 17. Bh3 Kb8 18. Qc2 g5 19. Ng6 Rg8 20. Nxf8 Rgxf8 21. Bg4 Bc8 22. Rf2 b4 23. Qg6 Rh8 24. Re1 a4 25. a3 bxc3 26. bxc3 Na5 27. Qf7 Rde8 28.
Bh5 Nb3 29. Bc1 Qa5 30. Bb2 Qa7 31. Kg2 Ref8 32. Qg6 Bd7 33. Qc2 Qb6 34. Ref1 Kc7 35. h3 Be8 36. Bxe8 Rxe8 37. Nh2 Ref8 38. Ng4 Rxf2+ 39.
Rxf2 h5 40. Ne3 Rf8 41. Rxf8 Bxf8 42. Qh7+ Kd8 43. Qg8 Ke8 44. Qg6+ Kd8 45. Qf6+ Be7 46. Nxd5 Bxf6 47. Nxb6 Be7 48. Nxc4 Kd7 49. Kf3 Kc6 50. Ke4 Kb5 51. Kd3 Kc6 52. g4 hxg4 53. hxg4 Bd8 54. Nd2 Ba5 55. Nxb3 axb3 56. c4 Kb6 57. d5 1-0

[Event "Late-Titled-Tuesday-Blitz-March-05-2024"]
[Site "Chess.com"]
[Date "2024.03.05"]
[Round "2"]
[White "MatthewG-p4p"]
[Black "zverr1"]
[Result "1-0"]
[WhiteElo "2899"]
[BlackElo "2594"]
[TimeControl "180+1"]
[EndTime "14:18:22 PST"]
[Termination "MatthewG-p4p won on time"]

1. e4 c5 2. c3 g6 3. d4 cxd4 4. cxd4 d5 5. Nc3 dxe4 6. Bc4 Nc6 7. Qb3 e6 8. d5 Nd4 9. Qd1 Bg7 10. Be3 Nf5 11. Bb5+ Bd7 12. dxe6 fxe6 13. Qb3 Bxb5 14. Qxb5+ Qd7 15. Qxd7+ Kxd7 16. Rd1+ Ke8 17. Nxe4 Nxe3 18. fxe3 Rd8 19. Rxd8+ Kxd8 20. Nf3 Ke7 21. Ke2 Nf6 22.
Nc5 b6 23. Nd3 Rc8 24. Nd4 Nd5 25. Kd2 Nf6 26. Nf2 e5 27. Nf3 Rd8+ 28. Ke2 Nd5 29. Rc1 Nb4 30. a3 Nd5 31. Ne4 Nf6 32. Ned2 Nd5 33.
Rc6 Rd7 34. Ne4 Rc7 35. Rxc7+ Nxc7 36. Kd3 h6 37. Nh4 g5 38. Nf5+ Kf7 39. Ned6+ Kg6 40. Ke4 Bf6 41. g4 Ne6 42. h3 Nc5+ 43. Kd5 Nd3 44.
b4 Ne1 45. Ke6 Nc2 46. Ne4 Bh8 47. Ne7+ Kh7 48. Kf7 Bg7 49. Ng6 Nxa3 50. Nd6 Nc2 51. Nf5 1-0

[Event "Late-Titled-Tuesday-Blitz-March-05-2024"]
[Site "Chess.com"]
[Date "2024.03.05"]
[Round "2"]
[White "GlavkonVVS"]
[Black "DeTimmerman"]
[Result "1/2-1/2"]
[WhiteElo "2548"]
[BlackElo "2749"]
[TimeControl "180+1"]
[EndTime "14:18:24 PST"]
[Termination "Game drawn by repetition"]

1. c4 Nf6 2. Nc3 e6 3. g3 d5 4. Bg2 Be7 5. Nf3 O-O 6. O-O b6 7. cxd5 Nxd5 8. d4 Bb7 9. Re1 Nd7 10. e4 Nxc3 11. bxc3 c5 12. d5 exd5 13. exd5 Bd6 14. c4 Qf6 15. Bg5 Qg6 16. Qa4 Nf6 17. Bxf6 Qxf6 18.
Qd7 Ba6 19. Rac1 Rfd8 20. Qa4 Bb7 21. Nd2 Bf8 22. Ne4 Qg6 23. f4 h6 24. Re2 Bc8 25. Nf2 Bd7 26. Qa6 b5 27. cxb5 Qxa6 28. bxa6 Bb5 29. Rd2 Bxa6 30. Ne4 Rac8 31. Bh3 Rc7 32.
d6 Rc6 33. Rxc5 Bb7 34. Rxc6 Bxc6 35. Bg2 f5 36. Nf6+ gxf6 37. Bxc6 Bxd6 38. Kg2 Kf8 39. Bf3 Ke7 40. Rd5 Ke6 41. Ra5 Rd7 42. Bd5+ Ke7 43. Bb3 Kf8 44. Rxf5 Be7 45. Rd5 Rxd5 46. Bxd5 a5 47. Kf3 a4 48. Ke4 a3 49. Kf5 Kg7 50.
g4 Bf8 51. h4 Be7 52. Bb3 Bf8 53. Ke6 Bb4 54. Kf5 Bd6 55. g5 fxg5 56. fxg5 hxg5 57.
hxg5 Bb4 58. g6 Bf8 59. Bf7 Bb4 60. Ke6 Bf8 61. Kd7 Bb4 62. Kc6 Bf8 63. Kb5 Be7 64. Kc4 Bf8 65. Kb3 Be7 66. Kc4 Bf8 67. Kb3 Be7 68. Kc4 1/2-1/2

[Event "Late-Titled-Tuesday-Blitz-March-05-2024"]
[Site "Chess.com"]
[Date "2024.03.05"]
[Round "2"]
[White "pr1105"]
[Black "Gennady_Kozlov"]
[Result "0-1"]
[WhiteElo "2399"]
[BlackElo "2677"]
[TimeControl "180+1"]
[EndTime "14:18:24 PST"]
[Termination "Gennady_Kozlov won by resignation"]

1. e4 e6 2. d4 d5 3. Nc3 Nf6 4.
e5 Nfd7 5. f4 c5 6. Nf3 Nc6 7. Be3 Qb6 8. Na4 Qa5+ 9. c3 cxd4 10.
b4 Nxb4 11. cxb4 Bxb4+ 12. Bd2 Bxd2+ 13. Nxd2 b5 14. Nb2 O-O 15. Bd3 Nb6 16. O-O Nc4 17. Bxh7+ Kxh7 18. Qh5+ Kg8 19. Nbxc4 bxc4 20. Nf3 g6 21.
Qh6 Qc7 22. f5 exf5 23. Ng5 f6 24. exf6 Rxf6 25. Rae1 Ba6 26. Rxf5 Qg7 27. Qxg7+ Kxg7 28. Re7+ Kf8 29. Rxf6+ Kxe7 30. Rxa6 Rf8 31. Nf3 d3 32. Kf2 c3 33. Rc6 d4 34. Ke1 d2+ 35. Kd1 Rb8 36. Nxd2 cxd2 37. Kxd2 Rb2+ 38. Kd3 Rxg2 39. a4 g5 40. Rc7+ Kd6 41. Rxa7 Rxh2 42. Rg7 Rh5 43. Kxd4 Ke6 44. a5 Kf6 45. Rg8 Kf7 46.
Rb8 g4 47. a6 Ra5 48. Rb6 Ra3 49. Ke4 g3 50. Rb2 Kf6 51. Rg2 Kg5 52. a7 Kg4 53.
Kd4 Rxa7 54. Rc2 Rd7+ 55. Ke3 Re7+ 56. Kd2 Kf3 0-1

[Event "Late-Titled-Tuesday-Blitz-March-05-2024"]
[Site "Chess.com"]
[Date "2024.03.05"]
[Round "2"]
[White "BillCoe"]
[Black "Qvalda"]
[Result "1-0"]
[WhiteElo "2136"]
[BlackElo "2432"]
[TimeControl "180+1"]
[EndTime "14:18:24 PST"]
[Termination "BillCoe won on time"]

1. e4 e6 2. d4 d5 3. Nd2 c5 4. Ngf3 cxd4 5. Nxd4 Nc6 6. Bb5 Bd7 7. c3 Nxd4 8.
Bxd7+ Qxd7 9. cxd4 dxe4 10. Nxe4 Bb4+ 11. Nc3 Nf6 12. Qd3 O-O 13. O-O Rfd8 14. Be3 Rac8 15. a3 Ba5 16. Rad1 Bxc3 17. bxc3 Qc6 18. Rc1 Qc4 19. Qxc4 Rxc4 20. Bg5 Rd5 21. Bxf6 gxf6 22. Rb1 b6 23. Rb3 Ra5 24. f3 Kf8 25. Kf2 Ke7 26.
Ke3 Kd6 27. Kd3 Kd5 28. Rfb1 Rca4 29. Rb5+ Kd6 30. Rxa5 Rxa5 31. Rb3 Rh5 32. h3 f5 33. c4 f4 34. Ke4 Rg5 35. Rb2 Ra5 36. Ra2 Ra4 37.
Kd3 e5 38. dxe5+ Kxe5 39. Re2+ Kf5 40. Ra2 Ra5 41. Kd4 Re5 42. Rb2 Re3 43. Ra2 Kg5 44. c5 bxc5+ 45. Kxc5 Kh4 46. Kc6 Kg3 47. Kb7 Re7+ 48.
Ka6 h5 49. a4 h4 50. a5 f5 51. Rb2 Kh2 52. Rc2 Rg7 53. Rb2 Re7 54. Rc2 Rd7 55.
Rb2 Kg1 56. Rc2 Kf1 57. Rb2 Ke1 58. Rc2 Kd1 59. Rb2 Kc1 60. Rb7 Rd2 61. Kxa7 Rxg2 62.
a6 Rf2 63. Rb4 Rxf3 64. Kb7 Kd2 65. a7 Ra3 66. Rxf4 Ra5 67. Rxh4 Ke3 68. Rh5 1-0

[Event "Late-Titled-Tuesday-Blitz-March-05-2024"]
[Site "Chess.com"]
[Date "2024.03.05"]
[Round "2"]
[White "vugarrasulov"]
[Black "TimGrutter03"]
[Result "1-0"]
[WhiteElo "2956"]
[BlackElo "2621"]
[TimeControl "180+1"]
[EndTime "14:18:25 PST"]
[Termination "vugarrasulov won on time"]

1. Nf3 Nf6 2. c4 d6 3. g3 e5 4. d3 Nc6 5. Bg2 g6 6. Nc3 Bg7 7. Rb1 a5 8. a3 O-O 9. Bg5 h6 10.
Bxf6 Bxf6 11. Nd2 Bg7 12. O-O f5 13. Nd5 Ne7 14. b4 axb4 15. axb4 c6 16. Nxe7+ Qxe7 17. b5 Bd7 18. bxc6 bxc6 19. Rb7 Qe8 20. Qb3 Rc8 21. Rb1 Be6 22. Qa3 Qd8 23. Qa6 d5 24. cxd5 Bxd5 25. Bxd5+ Qxd5 26. Nc4 Ra8 27. Ra7 Rxa7 28.
Qxa7 e4 29. Rb7 Bd4 30. Qa3 exd3 31. Qe7 Qf7 32. exd3 Qxe7 33. Rxe7 c5 34. Re6 Rf6 35. Rxf6 Bxf6 36. Kf1 Kf7 37. Ke2 Ke6 38. Nb6 Bd4 39. Nc4 Kd5 40. h4 g5 41. h5 Ke6 42. f3 g4 43. Nd2 Be5 44. Kf2 Bc3 45. Nc4 Bd4+ 46. Kg2 Kf6 47. Nd6 Kg5 48. f4+ Kf6 49. Nb5 1-0

[Event "Late-Titled-Tuesday-Blitz-March-05-2024"]
[Site "Chess.com"]
[Date "2024.03.05"]
[Round "2"]
[White "ATM622"]
[Black "pirulillo"]
[Result "1-0"]
[WhiteElo "2499"]
[BlackElo "2239"]
[TimeControl "180+1"]
[EndTime "14:18:25 PST"]
[Termination "ATM622 won on time"]

1. d4 Nf6 2. c4 g6 3. g3 Bg7 4. Bg2 O-O 5. Nf3 d6 6. O-O Bf5 7. Nc3 Ne4 8. Nh4 Nxc3 9. bxc3 Bc8 10. Qb3 c6 11. Rd1 Qc7 12. Rb1 Nd7 13. e4 Rb8 14. a4 c5 15. Ba3 b6 16. f4 Ba6 17.
Bf1 Rbc8 18. Rbc1 e5 19. dxe5 dxe5 20. Bh3 Rcd8 21. f5 Nf6 22. Bg2 Bh6 23. Rb1 Bb7 24. Qc2 Ng4 25. Bc1 Rxd1+ 26. Qxd1 Bxc1 27. Qxc1 Kg7 28. Qg5 Nf6 29. fxg6 fxg6 30. Nf5+ Kh8 31. Qh6 Re8 32. Nh4 Qg7 33. Qe3 Rd8 34. Rf1 h6 35. Bh3 Kh7 36. Bg2 Ng4 37. Qe2 Qd7 38. Bh3 h5 39.
Nf3 Qd3 40. Qxd3 Rxd3 41. Bxg4 hxg4 42. Nxe5 Rxc3 43. Rf7+ Kh6 44. Rxb7 Re3 45. Nxg4+ 1-0

[Event "Late-Titled-Tuesday-Blitz-March-05-2024"]
[Site "Chess.com"]
[Date "2024.03.05"]
[Round "2"]
[White "stregachess"]
[Black "czasnaszachy"]
[Result "0-1"]
[WhiteElo "2015"]
[BlackElo "2432"]
[TimeControl "180+1"]
[EndTime "14:18:25 PST"]
[Termination "czasnaszachy won on time"]

1. d4 Nf6 2. Nf3 d5 3. Bf4 e6 4.
e3 Bd6 5. Bg3 O-O 6. Bd3 c5 7.
c3 Qc7 8. Nbd2 Nbd7 9. Qe2 e5 10.
dxe5 Nxe5 11. Nxe5 Bxe5 12. Bxe5 Qxe5 13. h3 Bf5 14. Nf3 Qe6 15. Rd1 Rad8 16. O-O Bg6 17.
Rfe1 Rfe8 18. Bxg6 hxg6 19. Qc2 b5 20. a4 a6 21.
axb5 axb5 22. Ra1 Ra8 23. Rec1 Ne4 24. Qd1 Qf5 25. Rxa8 Rxa8 26. Ra1 Rb8 27. Ra5 Nd6 28. b3 Ne4 29. Qa1 Qf6 30. Ra8 Rd8 31. Qa5 Rf8 32.
Rxf8+ Kxf8 33. Qxb5 Qxc3 34. Qb8+ Ke7 35. Qc7+ Ke8 36. Qc6+ Ke7 37. Qxd5 Nf6 38. Qb7+ Nd7 39. g3 f6 40. h4 Qa1+ 41. Kg2 Qb2 42. Qe4+ Kf7 43.
Qc4+ Ke7 44. Qd5 Qc3 45. g4 Qb2 46. g5 Qc3 47. gxf6+ gxf6 48. h5 gxh5 49. Nh4 Qe5 50.
Nf5+ Kd8 0-1

[Event "Late-Titled-Tuesday-Blitz-March-05-2024"]
[Site "Chess.com"]
[Date "2024.03.05"]
[Round "2"]
[White "yaguigor"]
[Black "Mr_Heisenberg13"]
[Result "0-1"]
[WhiteElo "2570"]
[BlackElo "2819"]
[TimeControl "180+1"]
[EndTime "14:18:27 PST"]
[Termination "Mr_Heisenberg13 won by resignation"]

1. e4 c5 2. Nf3 e6 3. d4 cxd4 4.
Nxd4 Nf6 5. Nc3 Nc6 6. Nxc6 bxc6 7. e5 Nd5 8. Ne4 Qc7 9. f4 Qb6 10. c4 Bb4+ 11. Ke2 f5 12. exf6 Nxf6 13. Be3 Qd8 14. Nd6+ Bxd6 15. Qxd6 Bb7 16. g4 c5 17. Rg1 Rc8 18. Qe5 Qb6 19. g5 Nh5 20. Bh3 O-O 21. Bg4 d6 22. Bxe6+ Kh8 23. Qc3 Nxf4+ 24. Bxf4 Rce8 25.
Kd2 Rxf4 26. Rae1 Rff8 27. h4 d5 28. Qe5 d4 29. Kc1 Bc8 30. Rgf1 Rxf1 31. Rxf1 Qxe6 32. Qxe6 Bxe6 33. b3 Kg8 34. Kb2 Bf7 35. Rf2 h6 36. gxh6 gxh6 37. Ka3 Kg7 38. Ka4 Rb8 39. Rf5 Rc8 40.
Kb5 d3 41. Rf2 Bh5 42. Rd2 Be2 43. b4 cxb4 44. Kxb4 Kf6 45. Kc3 Ke5 46. Rb2 Ke4 47.
Rb7 Ke3 48. Re7+ Kf2 49. Rxa7 Ke1 50. Rd7 d2 51. a4 Rxc4+ 52. Kb3 d1=Q+ 53. Rxd1+ Kxd1 54. a5 Rc8 0-1

[Event "Late-Titled-Tuesday-Blitz-March-05-2024"]
[Site "Chess.com"]
[Date "2024.03.05"]
[Round "2"]
[White "rynos0411"]
[Black "Chopper1905"]
[Result "0-1"]
[WhiteElo "2624"]
[BlackElo "2963"]
[TimeControl "180+1"]
[EndTime "14:18:28 PST"]
[Termination "Chopper1905 won by resignation"]

1. d4 Nf6 2. c4 e6 3. Nf3 c5 4. d5 d6 5. Nc3 exd5 6. cxd5 g6 7.
e4 a6 8. a4 Bg4 9. Bf4 Nh5 10. Bd2 Nd7 11. Be2 Bg7 12. h3 Bxf3 13.
Bxf3 Nhf6 14. O-O O-O 15. a5 Rb8 16. Re1 Ne8 17. Be2 Nc7 18. f4 b5 19. axb6 Nxb6 20. Qc2 Re8 21. Bf3 Qh4 22. Ne2 Nb5 23. Rxa6 Nd4 24.
Qd3 c4 25. Qb1 Nxf3+ 26. gxf3 Qxh3 27. Rf1 Nxd5 28. Rf2 Rxb2 29. Qc1 c3 30. Nxc3 Bd4 31. Nd1 Rb3 32. Ra3 Rxa3 33. Qxa3 Qg3+ 34. Kf1 Bxf2 35. Nxf2 Nxf4 36. Qa6 Qg2+ 37. Ke1 Qg1+ 38. Qf1 Qxf1+ 39. Kxf1 Ne6 40. Bc3 h5 41. Bf6 Rc8 42. Ke2 Rc2+ 43. Ke3 Ra2 44. Nd3 Ra3 45. Ke2 g5 46. Nb2 Ra2 47.
Ke3 Ra3+ 48. Kf2 g4 49. fxg4 hxg4 50. Nc4 Rf3+ 51. Kg2 Rxf6 0-1

[Event "Late-Titled-Tuesday-Blitz-March-05-2024"]
[Site "Chess.com"]
[Date "2024.03.05"]
[Round "2"]
[White "reevecanada"]
[Black "igorkovalenko"]
[Result "0-1"]
[WhiteElo "2607"]
[BlackElo "2938"]
[TimeControl "180+1"]
[EndTime "14:18:28 PST"]
[Termination "igorkovalenko won by checkmate"]

1. e4 c5 2. Nf3 e6 3. b3 b6 4. d4 cxd4 5. Nxd4 Bb7 6. Nd2 Qf6 7. Bb2 Nc6 8. N2f3 Bb4+ 9. c3 Nxd4 10. Qxd4 Qxd4 11.
Nxd4 Bc5 12. f3 Ne7 13. b4 Bxd4 14. cxd4 f5 15. Bd3 fxe4 16. fxe4 O-O 17. Ke2 d5 18. e5 Bc6 19. b5 Be8 20. Ba3 Bh5+ 21. Kd2 Rf7 22. Rhf1 Bg6 23. Rxf7 Kxf7 24. Rf1+ Ke8 25.
h4 Bxd3 26. Kxd3 a6 27. Bb4 axb5 28. a3 Rc8 29. g4 Rc4 30. Rb1 Nc6 31. Bc3 Na7 32. Bb4 Rc7 33. Bd6 Rf7 34. Ke3 Kd8 35.
Bb8 Nc6 36. Bd6 Na7 37. Bb8 Kc8 38. Bd6 Kb7 39. Rb2 g6 40. Rb1 Ka6 41. Rc1 Kb7 42. Rb1 Nc6 43. Rxb5 Na5 44. Rb1 Nc4+ 45. Ke2 Rf4 46.
Bc5 Kc6 47. Be7 Rxd4 48. Kf3 Nxe5+ 49. Ke3 Re4+ 50. Kd2 Rxg4 51. Rf1 Nc4+ 52. Kc3 e5 53. Rf6+ Kb5 54. Bb4 Rg3+ 55. Kc2 d4 56. Rf7 e4 57.
Rxh7 Rg2+ 58. Kb3 Rb2# 0-1

[Event "Late-Titled-Tuesday-Blitz-March-05-2024"]
[Site "Chess.com"]
[Date "2024.03.05"]
[Round "2"]
[White "YQPerez"]
[Black "Squirlolz"]
[Result "0-1"]
[WhiteElo "2785"]
[BlackElo "2575"]
[TimeControl "180+1"]
[EndTime "14:18:28 PST"]
[Termination "Squirlolz won on time"]

1. e4 c6 2. d4 d5 3. exd5 cxd5 4. Bd3 Nc6 5. c3 Qc7 6. Na3 a6 7. Nc2 Nf6 8. h3 g6 9. Nf3 Bf5 10. O-O Bg7 11. Re1 O-O 12. Bxf5 gxf5 13. g3 Ne4 14. Ne3 e6 15. Ng2 Kh8 16. Ng5 Bf6 17. Qh5 Bxg5 18. Bxg5 Nxg5 19. Qxg5 Qe7 20. Qh6 Rg8 21. Nf4 Qg5 22. Qxg5 Rxg5 23. Nd3 Kg7 24. h4 Rg4 25. Kh2 Kf6 26. Nc5 f4 27. Re2 Rag8 28.
Rg1 b5 29. Nxa6 Ne7 30. Nc7 Nf5 31. Nxb5 Nxh4 32. Kh3 Nf3 33. Rh1 fxg3 34. Re3 Rh4+ 35. Kg2 gxf2+ 36. Kxf2 Rxh1 37. Rxf3+ Ke7 38. b3 Rh2+ 39.
Ke3 Rxa2 40. Kd3 Rb8 41. c4 dxc4+ 42. Kxc4 h5 43. Rh3 Rc2+ 44. Kb4 Rh8 45. d5 exd5 46.
Nd4 Rf2 47. Kc5 h4 48. b4 Rg2 49. b5 Kd7 50. Nf3 Rg3 51. Ne5+ Ke6 0-1

[Event "Late-Titled-Tuesday-Blitz-March-05-2024"]
[Site "Chess.com"]
[Date "2024.03.05"]
[Round "2"]
[White "jlf287"]
[Black "Rutricks"]
[Result "0-1"]
[WhiteElo "2520"]
[BlackElo "2713"]
[TimeControl "180+1"]
[EndTime "14:18:28 PST"]
[Termination "Rutricks won on time"]

1. d4 g6 2. Nf3 Bg7 3. g3 Nf6 4.
Bg2 O-O 5. O-O d6 6. c4 Nbd7 7. Nc3 c5 8. e4 Ne8 9. Re1 Nc7 10. Be3 Rb8 11. Rc1 b6 12. b3 a6 13. Qd2 Bb7 14. Nd5 Ne6 15. h4 b5 16. Bh3 cxd4 17. Nxd4 Nec5 18. Bg2 bxc4 19. Rxc4 Ne5 20. Rc2 e6 21.
Nc3 Ned3 22. Rd1 Ne5 23. Qe2 Qa5 24. Nf3 Ng4 25. Bxc5 dxc5 26. Na4 Rbc8 27. Nd2 h5 28. Nc4 Qc7 29. Nab2 Bd4 30. Nd3 Qxg3 31. Kf1 Nh2+ 32. Kg1 Ng4 33. Kf1 Qxh4 34. Nd6 f5 35. Nxb7 fxe4 36. Qxe4 Ne3+ 37. Ke2 Qxe4 38. Bxe4 Nxc2 39. Rd2 Rc7 40. Rxc2 Rcf7 41. Ke1 h4 42. Nd6 Rd7 43. Nc4 h3 44. f3 Rh7 45. Rh2 Rh6 46. Nf2 Kg7 47.
Nxh3 Rfh8 0-1

[Event "Late-Titled-Tuesday-Blitz-March-05-2024"]
[Site "Chess.com"]
[Date "2024.03.05"]
[Round "2"]
[White "sonson28291"]
[Black "thesupera12"]
[Result "1/2-1/2"]
[WhiteElo "2271"]
[BlackElo "2494"]
[TimeControl "180+1"]
[EndTime "14:18:28 PST"]
[Termination "Game drawn - insufficient material"]

1. e4 d5 2. exd5 Qxd5 3. d4 Qa5+ 4. Bd2 Qb6 5. Bc3 Nf6 6. Nd2 Bg4 7. Be2 Bxe2 8.
Qxe2 Nc6 9. Ngf3 O-O-O 10. Nc4 Qa6 11. O-O Nd5 12. Rfe1 e6 13. Ng5 Rd7 14. a3 h6 15. Ne4 Nf4 16. Qf1 Nxd4 17. Bxd4 Rxd4 18. b3 Qc6 19. Ne5 Qe8 20. g3 f6 21. Nf3 Rxe4 22.
Rxe4 Nd5 23. Qe1 e5 24. c4 Nb6 25. b4 Qc6 26. Rc1 h5 27. h4 g5 28. hxg5 fxg5 29. Nxe5 Qf6 30. Qd2 Bd6 31. c5 Bxe5 32. cxb6 axb6 33.
Rce1 Bd6 34. Re8+ Rxe8 35. Rxe8+ Kd7 36. Qe3 h4 37. gxh4 gxh4 38. Re4 Qg7+ 39. Kh1 Qa1+ 40.
Kg2 Qg7+ 41. Kh3 Qg1 42. Rxh4 Qh2+ 43. Kg4 Qg2+ 44. Kh5 Qg7 45. Qh6 Qe5+ 46. Qg5 Qxg5+ 47. Kxg5 Be7+ 48. Kg4 Bxh4 49. Kxh4 c5 50. bxc5 bxc5 51. Kg4 b5 52. Kf4 b4 53. axb4 cxb4 54. Ke4 Ke6 55. Kd4 Kf5 56. Kc4 Kf4 57. Kxb4 Kf3 58. Kc3 Kxf2 1/2-1/2

[Event "Late-Titled-Tuesday-Blitz-March-05-2024"]
[Site "Chess.com"]
[Date "2024.03.05"]
[Round "2"]
[White "Bryanl106"]
[Black "KuzubovYuriy"]
[Result "1/2-1/2"]
[WhiteElo "2625"]
[BlackElo "2942"]
[TimeControl "180+1"]
[EndTime "14:18:29 PST"]
[Termination "Game drawn by repetition"]

1. e4 c5 2. Nf3 Nc6 3. d4 cxd4 4. Nxd4 g6 5. Nc3 Bg7 6. Be3 Nf6 7. Bc4 d6 8. h3 Qa5 9. O-O O-O 10. Bb3 Bd7 11. Re1 Rac8 12. Qe2 Rfe8 13. Rad1 Qh5 14. Qxh5 Nxh5 15. Nxc6 bxc6 16. Bd4 Nf4 17. Bxg7 Kxg7 18. Ne2 Ne6 19. Bxe6 Bxe6 20. b3 f6 21. f3 a5 22.
a4 Bf7 23. Kf2 Rb8 24. f4 c5 25. e5 dxe5 26. fxe5 fxe5 27. Nc1 c4 28. Rxe5 cxb3 29. cxb3 Bxb3 30. Nxb3 Rxb3 31. Rxa5 Rb2+ 32. Kg1 Rc8 33. Re1 Rcc2 34. Rg5 Kf6 35. Rg3 Ra2 36. Rf1+ Kg7 37. Re1 Kf7 38. Rf1+ Ke8 39. Rg4 e6 40. Rb1 Rc7 41.
Rb6 Ke7 42. Re4 Rc1+ 43. Kh2 Rcc2 44. Rbxe6+ Kf7 45. Re7+ Kf6 46. R7e6+ Kf5 47. R6e5+ Kf6 48. Re6+ Kf7 49. Re7+ Kf8 50. Re8+ Kg7 51. Rg4 h5 52. Rg3 Rc6 53. Re4 Kh6 54. Rb3 g5 55. h4 gxh4 56. Rxh4 Rg6 57. Rg3 Rxg3 58. Kxg3 Kg5 59. Rb4 h4+ 60.
Kh3 Ra3+ 61. Kh2 Kh5 62. Rb5+ Kg4 63. Rb4+ Kh5 64. Rb5+ Kg4 65. Rb4+ Kh5 1/2-1/2

[Event "Late-Titled-Tuesday-Blitz-March-05-2024"]
[Site "Chess.com"]
[Date "2024.03.05"]
[Round "2"]
[White "kalxandria"]
[Black "Echecmat"]
[Result "0-1"]
[WhiteElo "2163"]
[BlackElo "2548"]
[TimeControl "180+1"]
[EndTime "14:18:29 PST"]
[Termination "Echecmat won by checkmate"]

1. e4 g6 2. d4 Bg7 3. Nf3 d6 4.
Bc4 a6 5. Qe2 b5 6. Bb3 c5 7. c3 Nc6 8. Be3 cxd4 9. cxd4 Bg4 10. Bxf7+ Kf8 11. Bd5 Rc8 12. h3 Nb4 13. Bb3 Bxf3 14.
Qxf3+ Nf6 15. O-O e5 16. dxe5 dxe5 17. Nc3 Ke8 18. Rad1 Qe7 19. a3 Nc6 20. Bg5 Rf8 21.
Nd5 Nxd5 22. exd5 Qxg5 23. Qe4 Na5 24. d6 Rd8 25. Be6 Qf4 26. d7+ Ke7 27. Qd5 e4 28. g3 Qe5 29. Qxe5 Bxe5 30. Bg4 h5 31. Be2 Rxd7 32.
Rxd7+ Kxd7 33. b4 Nc6 34. Rd1+ Ke7 35. a4 Rd8 36. axb5 Rxd1+ 37. Bxd1 axb5 38. Be2 Nxb4 39. Bxb5 Nd5 40. f4 exf3 41. Kf2 Kf6 42. Bc6 Ne7 43. Bxf3 Nf5 44. g4 hxg4 45. Bxg4 Nh4 46. Bc8 Kg5 47. Bd7 Kf4 48. Be8 g5 49. Bd7 Nf5 50. Bxf5 Kxf5 51.
Kf3 Kg6 52. Kg2 Kh6 53. Kf3 Kh5 54. Kg2 Kh4 55. Kg1 Kxh3 56. Kh1 g4 57. Kg1 g3 58. Kh1 Bd6 59. Kg1 Bc5+ 60. Kh1 g2# 0-1

[Event "Late-Titled-Tuesday-Blitz-March-05-2024"]
[Site "Chess.com"]
[Date "2024.03.05"]
[Round "2"]
[White "yuriydovzik"]
[Black "Onthequiet"]
[Result "0-1"]
[WhiteElo "2077"]
[BlackElo "2447"]
[TimeControl "180+1"]
[EndTime "14:18:29 PST"]
[Termination "Onthequiet won on time"]

1. b3 d5 2. Bb2 Bg4 3. h3 Bh5 4. g4 Bg6 5. Bg2 c6 6. f4 e6 7. Nf3 Nd7 8. O-O h5 9. g5 Ne7 10. e3 Nf5 11. Nc3 f6 12. h4 Bc5 13. Ne2 Bxe3+ 14.
dxe3 Nxe3 15. Qd2 Nxf1 16. Rxf1 Qc7 17. Nfd4 Bf7 18. g6 Bg8 19. Qe3 Nf8 20. Bh3 e5 21.
fxe5 Qxe5 22. Qxe5+ fxe5 23. Nf5 Nxg6 24. Nxg7+ Kd8 25. Bf5 Bh7 26. Ne6+ Ke7 27. Ng5 Raf8 28. Nxh7 Rxf5 29. Rxf5 Rxh7 30. Rg5 Nxh4 31. Kf2 e4 32. Nf4 Nf3 33. Rg3 h4 34. Rxf3 exf3 35. Kxf3 h3 36. Ne2 h2 37. Ng3 h1=Q+ 38. Nxh1 Rxh1 39. Bd4 Rb1 40. a4 a6 41. Ke3 Ke6 42. Kd3 Rf1 43. Bb6 Rf7 44. Kc3 Kd6 45. a5 c5 46. b4 c4 47.
Kd4 Kc6 0-1

[Event "Late-Titled-Tuesday-Blitz-March-05-2024"]
[Site "Chess.com"]
[Date "2024.03.05"]
[Round "2"]
[White "SaqoChess_Twitch"]
[Black "Elsa167"]
[Result "1-0"]
[WhiteElo "2613"]
[BlackElo "2890"]
[TimeControl "180+1"]
[EndTime "14:18:30 PST"]
[Termination "SaqoChess_Twitch won on time"]

1. d4 d6 2. Nf3 Nf6 3. e3 g6 4. Be2 Bg7 5. O-O O-O 6. b3 b6 7. Bb2 Bb7 8. Nbd2 Nbd7 9. c4 e6 10. Qc2 a5 11. a3 Qe7 12. b4 e5 13. dxe5 dxe5 14. c5 bxc5 15. bxc5 Bc6 16. Rfc1 Rfd8 17. Nc4 Ne4 18. a4 Ndxc5 19. Bxe5 Bd5 20. Bxg7 Kxg7 21.
Nce5 Nb3 22. Bc4 Nxa1 23. Rxa1 Qf6 24. Rc1 Bxc4 25. Qxe4 Bd5 26. Qg4 Bxf3 27. Nxf3 Rab8 28. h4 Rb4 29. Qg3 Qd6 30. Qg5 Rdb8 31. h5 h6 32.
Qxa5 Rb1 33. Qc3+ Qf6 34. Qxc7 Rxc1+ 35. Qxc1 Qb2 36. Qc5 g5 37. Nd4 Qb1+ 38. Kh2 Qe4 39. Nf5+ Kf6 40. Qd6+ Kxf5 41. Qxb8 Qh4+ 42. Kg1 Qxa4 43.
Qc8+ Kf6 44. Qh8+ Kf5 45. Qh7+ Kg4 46. Qxf7 Qd1+ 47. Kh2 Kh4 48. g3+ Kg4 49. Kg2 Qe2 50. Qf6 Kxh5 51. Qf5 1-0

[Event "Late-Titled-Tuesday-Blitz-March-05-2024"]
[Site "Chess.com"]
[Date "2024.03.05"]
[Round "2"]
[White "BilicVladimir"]
[Black "VladimirKramnik"]
[Result "0-1"]
[WhiteElo "2627"]
[BlackElo "2973"]
[TimeControl "180+1"]
[EndTime "14:18:31 PST"]
[Termination "VladimirKramnik won by resignation"]

1. e4 c5 2. Nf3 d6 3. Bb5+ Nd7 4.
O-O Nf6 5. Re1 a6 6. Bf1 b6 7. c4 Bb7 8. Nc3 g6 9. d4 cxd4 10.
Nxd4 Bg7 11. Nd5 O-O 12. b3 e6 13. Nxf6+ Nxf6 14. f3 b5 15. cxb5 axb5 16. Be3 b4 17. Qd2 e5 18. Nc2 d5 19. Bc5 dxe4 20. Qxb4 Qc7 21.
Qb6 Qxb6 22. Bxb6 exf3 23. gxf3 Bxf3 24. a4 Nd5 25. Bc5 Rfc8 26. b4 Nxb4 27. Bxb4 Rxc2 28. a5 e4 29. Rad1 Rb2 30. Be7 Bxd1 31. Rxd1 Be5 32. a6 e3 33. Bc4 Rd2 34. Re1 Bd4 35. Re2 Rc8 36. Bb5 Rcc2 37. Kf1 Rb2 38. Bc4 Rb1+ 39. Kg2 Re1 40. Kf3 Rexe2 41. Bxe2 Ba7 42. Bg5 Ra2 43. Bxe3 Ra3 44. Kf4 Rxe3 45. Bb5 Rb3 46. Bc6 Rb4+ 47. Kf3 Kg7 48. Bb7 h5 49. Kg2 Kf6 50. Kf3 Ke5 51. Bc6 f5 52. Be8 g5 53. Bxh5 g4+ 54. Kg3 Rb3+ 55.
Kh4 Kf4 56. Bxg4 fxg4 57. Kh5 Rh3+ 58. Kg6 Rxh2 0-1